 Dungeon Crawl Stone Soup version 0.32-a0-673-g3729bd50f8 (webtiles) character file.

Game seed: 3814272493189573347

1163 ASSMAN the Insei (level 8, 0/67 HPs)
             Began as a Gnoll Chaos Knight on Mar 10, 2024.
             Was a Plaything of Xom.
             Incinerated by a bombardier beetle (4 damage)
             ... with a burning spray
             ... on level 5 of the Dungeon.
             The game lasted 00:06:14 (3493 turns).

ASSMAN the Insei (Gnoll Chaos Knight)               Turns: 3493, Time: 00:06:15

Health: 0/67       AC: 15    Str: 11    XL:     8   Next: 40%
Magic:  12/13      EV:  3    Int: 13    God:    Xom [......]
Gold:   303        SH:  0    Dex: 13    Spells: 13/13 levels left

rFire   . .          .
                       - Unarmed
rCold   . . .        (no shield)
rNeg    . . .        j - +4 plate armour "Agisch" {rElec rPois Slay+4 Stlth+}
rPois   +            (no helmet)
rElec   +            s - +1 cloak {Stlth+}
rCorr   .            (no gloves)
SInv    +            (no boots)
Will    +....        (no amulet) Stlth
                     k - ring of willpower
HPRegen 0.31/turn    e - ring of see invisible
MPRegen 0.13/turn

%: no passive effects
@: on fire, glowing
A: fangs 1, strong nose, distributed training, iridescent scales 1, deformed
body
a: Renounce Religion


You were on level 5 of the Dungeon.
You worshipped Xom.
You were a very special plaything of Xom.
You visited 1 branch of the dungeon, and saw 5 of its levels.

You collected 303 gold pieces.

Inventory:

Hand Weapons
 r - a +2 quarterstaff of chaos
 v - a +5 dagger of speed
 z - a +0 war axe
Armour
 j - the +4 plate armour "Agisch" (worn) {rElec rPois Slay+4 Stlth+}
   (You found it on level 2 of the Dungeon)

   Slay+4:    It affects your accuracy & damage with ranged weapons and melee
   (+4).
   rElec:     It insulates you from electricity.
   rPois:     It protects you from poison.
   Stlth+:    It makes you more stealthy.
 s - a +1 cloak of stealth (worn)
Jewellery
 e - a ring of see invisible (right hand)
 f - a ring of protection from fire
 h - a ring of ice
 k - a ring of willpower (left hand)
 l - a ring of flight
 y - a ring of magical power
Wands
 u - a wand of paralysis (10)
Scrolls
 d - a scroll of silence {unknown}
 g - a scroll of vulnerability {unknown}
 n - a scroll of identify
 t - a scroll of enchant armour {unknown}
 A - a scroll of teleportation {unknown}
Potions
 m - a potion of enlightenment {unknown}
 o - a potion of brilliance {unknown}
 p - a potion of attraction {unknown}
 q - a potion of haste {unknown}
 w - a potion of cancellation {unknown}
 x - a potion of berserk rage {unknown}


   Skills:
 + Level 7.4 Fighting
 + Level 3.3 Short Blades
 + Level 3.3 Long Blades
 + Level 3.3 Axes
 + Level 3.3 Maces & Flails
 + Level 3.3 Polearms
 + Level 3.3 Staves
 + Level 3.3 Ranged Weapons
 + Level 3.3 Throwing
 + Level 5.7 Armour
 + Level 4.3 Dodging
 + Level 3.3 Stealth
 + Level 3.3 Shields
 + Level 7.4 Unarmed Combat
 + Level 3.3 Spellcasting
 + Level 2.7 Conjurations
 + Level 2.7 Hexes
 + Level 2.7 Summonings
 + Level 2.7 Necromancy
 + Level 2.7 Translocations
 + Level 2.7 Fire Magic
 + Level 2.7 Ice Magic
 + Level 2.7 Air Magic
 + Level 2.7 Earth Magic
 + Level 2.7 Alchemy
 + Level 3.7 Invocations
 + Level 3.3 Evocations
 + Level 3.0 Shapeshifting


You had 13 spell levels left.
You didn't know any spells.
Your spell library contained the following spells:

 Spells                   Type           Power      Damage    Failure   Level
 Apportation              Tloc           18%        N/A       100%        1
 Foxfire                  Conj/Fire      36%        2x1d5     100%        1
 Freeze                   Ice            36%        1d5       100%        1
 Necrotise                Necr           36%        1d5       100%        1
 Sting                    Conj/Alch      36%        1d5       100%        1
 Summon Small Mammal      Summ           36%        N/A       100%        1
 Ensorcelled Hibernation  Hex/Ice        18%        N/A       100%        2
 Jinxbite                 Hex            18%        N/A       100%        2
 Mercury Vapours          Alch/Air       18%        N/A       100%        2
 Call Canine Familiar     Summ           9%         N/A       100%        3
 Frozen Ramparts          Ice            18%        1d3       100%        3
 Fugue of the Fallen      Necr           9%         N/A       100%        3
 Hailstorm                Conj/Ice       9%         3d6       100%        3
 Mephitic Cloud           Conj/Alch/Air  9%         N/A       100%        3
 Passwall                 Erth           9%         N/A       100%        3
 Sigil of Binding         Hex            9%         N/A       100%        3
 Swiftness                Air            9%         N/A       100%        3
 Anguish                  Hex/Necr       4%         N/A       100%        4
 Dimensional Bullseye     Hex/Tloc       4%         N/A       100%        4
 Alistair's Intoxication  Alch           6%         N/A       100%        5
 Freezing Cloud           Conj/Ice/Air   4%         6-21      100%        5
 Plasma Beam              Fire/Air       4%         2x1d14    100%        6
 Starburst                Conj/Fire      4%         6d4       100%        6


Dungeon Overview and Level Annotations

Branches:
Dungeon (5/15)
 Temple: D:4-7

Altars:
Makhleb
Yredelemnul

Shops:
D:3 =


Innate Abilities, Weirdness & Mutations

You have very sharp teeth.
Your uncanny sense of smell can sniff out nearby items.
Your experience applies equally to all skills.
You are partially covered in iridescent scales. (AC +2)
Armour fits poorly on your strangely shaped body.


Message History

You are even more covered in liquid fire!
You punch the killer bee!
The killer bee is severely wounded.
The liquid fire burns you!
The killer bee stings you but does no damage. x2
The bombardier beetle bites you but does no damage.
Unknown command.
You punch the killer bee!
You kill the killer bee!
The liquid fire burns you!
* * * LOW HITPOINT WARNING * * *
The killer bee stings you but does no damage.
You miss the killer bee. The liquid fire burns you!
* * * LOW HITPOINT WARNING * * *
The killer bee stings you but does no damage.
You punch the killer bee! Your punch misses the killer bee.
The killer bee is severely wounded.
The liquid fire burns you!
* * * LOW HITPOINT WARNING * * *
The killer bee stings you.
* * * LOW HITPOINT WARNING * * *
The bombardier beetle sprays incendiary fluid at you.
The burning spray hits you.
You are even more covered in liquid fire!
The killer bee stings you.
* * * LOW HITPOINT WARNING * * *
You punch the killer bee!
You kill the killer bee!
The liquid fire burns you!
* * * LOW HITPOINT WARNING * * *
The iron imp puffs mist at you.
You barely miss the bombardier beetle. The liquid fire burns you!
* * * LOW HITPOINT WARNING * * *
The bombardier beetle bites you but does no damage.
You hit the bombardier beetle but do no damage.
The liquid fire burns you!
You die... "This toy is broken."

#.#.....# #.#
#.#<..#.# #.#
#.###########
#.#
#...........#
#y#
###########.#
#y# #.# #.#
#.# #.#
#.#####☼#
#55B@§☼○#
#########


You could see a bombardier beetle (summoned), an iron imp (summoned) and an
ufetubus (summoned).

Vanquished Creatures
  2 ogres (D:5)
  2 phantoms
  2 scorpions (D:5)
  4 killer bees (D:5)
  2 bombardier beetles
  A jelly (D:4)
  An orc priest (D:4)
  Crazy Yiuf (D:4)
  5 hounds
  Ijyb (D:4)
  Natasha (thrice) (D:3)
  6 adders
  An ufetubus (D:5)
  10 dart slugs
  2 ribbon worms
  5 orcs
  7 ball pythons
  A bat (D:1)
  8 endoplasms
  4 giant cockroaches
  5 goblins
  8 hobgoblins
  7 kobolds
  3 quokkas
  2 frilled lizards
  7 rats
100 creatures vanquished.

Notes
Turn   | Place    | Note
-------+----------+-------------------------------------------
     0 | D:1      | ASSMAN the Gnoll Chaos Knight began the quest for the Orb.
     0 | D:1      | Reached XP level 1. HP: 23/23 MP: 1/1
    79 | D:1      | Reached XP level 2. HP: 29/29 MP: 2/2
   460 | D:2      | Reached XP level 3. HP: 35/35 MP: 3/3
   474 | D:2      | XOM is BORED!
   474 | D:2      | XOM: 8-stop teleportation journey
   475 | D:2      | XOM: 2-stop teleportation journey
   496 | D:2      | XOM: silly message
   706 | D:2      | XOM: cloud trail
   744 | D:2      | Reached skill level 1 in Invocations
   946 | D:2      | Identified the +4 plate armour "Agisch" {rElec rPois Slay+4
                  | Stlth+}
   963 | D:2      | Reached skill level 1 in Short Blades
   963 | D:2      | Reached skill level 1 in Long Blades
   963 | D:2      | Reached skill level 1 in Axes
   963 | D:2      | Reached skill level 1 in Maces & Flails
   963 | D:2      | Reached skill level 1 in Polearms
   963 | D:2      | Reached skill level 1 in Staves
   963 | D:2      | Reached skill level 1 in Ranged Weapons
   963 | D:2      | Reached skill level 1 in Throwing
   963 | D:2      | Reached skill level 1 in Stealth
   963 | D:2      | Reached skill level 1 in Shields
   963 | D:2      | Reached skill level 1 in Spellcasting
   963 | D:2      | Reached skill level 1 in Evocations
  1214 | D:2      | Reached skill level 1 in Shapeshifting
  1214 | D:2      | Reached XP level 4. HP: 40/41 MP: 5/5
  1298 | D:3      | XOM: potion effect (invisibility)
  1310 | D:3      | Noticed Natasha
  1313 | D:3      | XOM: potion effect (invisibility)
  1317 | D:3      | Killed Natasha
  1318 | D:3      | Reached skill level 1 in Conjurations
  1318 | D:3      | Reached skill level 1 in Hexes
  1318 | D:3      | Reached skill level 1 in Summonings
  1318 | D:3      | Reached skill level 1 in Necromancy
  1318 | D:3      | Reached skill level 1 in Translocations
  1318 | D:3      | Reached skill level 1 in Fire Magic
  1318 | D:3      | Reached skill level 1 in Ice Magic
  1318 | D:3      | Reached skill level 1 in Air Magic
  1318 | D:3      | Reached skill level 1 in Earth Magic
  1318 | D:3      | Reached skill level 1 in Alchemy
  1377 | D:3      | XOM: silly message
  1396 | D:3      | Found Dagg's Jewellery Shoppe.
  1446 | D:3      | XOM is BORED!
  1446 | D:3      | XOM: silly message
  1605 | D:3      | Noticed Natasha
  1610 | D:3      | Killed Natasha
  1611 | D:3      | Reached XP level 5. HP: 41/47 MP: 7/7
  1808 | D:3      | XOM: divination: detect creatures
  1864 | D:3      | Found a burning altar of Makhleb.
  1886 | D:3      | Found a basalt altar of Yredelemnul.
  2052 | D:3      | Noticed Natasha
  2060 | D:3      | Killed Natasha
  2130 | D:4      | XOM: 2-stop teleportation journey
  2156 | D:4      | Reached XP level 6. HP: 51/53 MP: 8/8
  2205 | D:4      | Reached skill level 5 in Armour
  2253 | D:4      | XOM: silly message
  2351 | D:4      | XOM: give mutations
  2351 | D:4      | Gained mutation: Armour fits poorly on your strangely
                  | shaped body. [Xom's mischief]
  2351 | D:4      | Gained mutation: Your magical capacity is low. (-10% MP)
                  | [Xom's mischief]
  2351 | D:4      | Gained mutation: You are robust. (+10% HP) [Xom's mischief]
  2351 | D:4      | Lost mutation: Your magical capacity is low. (-10% MP)
                  | [Xom's mischief]
  2606 | D:4      | Found a runed translucent door.
  2607 | D:4      | Noticed Crazy Yiuf
  2614 | D:4      | XOM: god gift: book of Burglary
  2625 | D:4      | Killed Crazy Yiuf
  2626 | D:4      | Reached XP level 7. HP: 63/66 MP: 10/10
  2750 | D:4      | Noticed Ijyb
  2756 | D:4      | Killed Ijyb
  3050 | D:5      | Entered Level 5 of the Dungeon
  3191 | D:5      | XOM: god gift: war axe {god gift}
  3245 | D:5      | XOM: noise
  3412 | D:5      | Reached XP level 8. HP: 70/73 MP: 12/12
  3437 | D:5      | XOM: give mutations
  3437 | D:5      | Lost mutation: You are robust. (+10% HP) [Xom's mischief]
  3437 | D:5      | Gained mutation: You are partially covered in iridescent
                  | scales. (AC +2) [Xom's mischief]
  3451 | D:5      | XOM: silly message
  3455 | D:5      | XOM: summons friendly crimson imp
  3471 | D:5      | XOM: summons 2 hostile shadow creatures
  3478 | D:5      | XOM: polymorph ufetubus -> iron imp
  3484 | D:5      | XOM: smoke on damage
  3493 | D:5      | Incinerated by a bombardier beetle

Illustrated notes

Levels and vault maps discovered:
D:1:      dpeg_arrival_solitude, layout_basic
D:2:      layout_loops_corners
D:3:      kennysheep_slugbush, layout_loops_ring, mainiacjoe_overflow_two_lobes,
          serial_shops, nicolae_shop_hallway_plus, uniq_natasha
D:4:      layout_gridville, uniq_crazy_yiuf_cottage, uniq_ijyb
D:5:      layout_basic, minmay_temple_entry_grid, minmay_bent, uniq_eustachio

Skill      XL: |  1  2  3  4  5  6  7  8 |
---------------+-------------------------+-----
Invocations    | 1 2 3 |  3.7
Short Blades   | 1 2 3 |  3.3
Long Blades    | 1 2 3 |  3.3
Axes           | 1 2 3 |  3.3
Maces & Flails | 1 2 3 |  3.3
Polearms       | 1 2 3 |  3.3
Staves         | 1 2 3 |  3.3
Ranged Weapons | 1 2 3 |  3.3
Throwing       | 1 2 3 |  3.3
Stealth        | 1 2 3 |  3.3
Shields        | 1 2 3 |  3.3
Spellcasting   | 1 2 3 |  3.3
Evocations     | 1 2 3 |  3.3
Shapeshifting  | 1 2 3 |  3.0
Conjurations   | 1 2 |  2.7
Hexes          | 1 2 |  2.7
Summonings     | 1 2 |  2.7
Necromancy     | 1 2 |  2.7
Translocations | 1 2 |  2.7
Fire Magic     | 1 2 |  2.7
Ice Magic      | 1 2 |  2.7
Air Magic      | 1 2 |  2.7
Earth Magic    | 1 2 |  2.7
Alchemy        | 1 2 |  2.7
Dodging        | 3 4 |  4.3
Armour         | 5 |  5.7
Fighting       | 7 |  7.4
Unarmed Combat | 7 |  7.4

Action                     |  1- 3 |  4- 6 |  7- 9 || total
---------------------------+-------+-------+-------++-------
  Melee: Unarmed           |    73 |   119 |    84 ||   276
         Bite              |     7 |    11 |     8 ||    26
         Punch             |     2 |     7 |     4 ||    13
    Use: Potion            |       |       |     6 ||     6
         Scroll            |       |       |     3 ||     3
   Stab: Sleeping          |     2 |       |       ||     2
         Invisible         |       |     1 |       ||     1
 Armour: Leather armour    |    20 |       |       ||    20
         Plate armour      |    13 |    88 |   123 ||   224
  Dodge: Dodged            |    34 |    18 |    15 ||    67

Table legend: (Time is in decaauts)
 A = Elapsed time spent in this place.
 B = Non-inter-level travel time spent in this place.
 C = Inter-level travel time spent in this place.
 D = Time resting spent in this place.
 E = Time spent auto-exploring this place.
 F = Levels seen in this place.
 G = Mean time per level.
                   A        B        C        D        E       F      G
               +--------+--------+--------+--------+--------+-----+--------+
         Total |   3454 |   3336 |    118 |      0 |   2637 |   5 |  690.8 |
       Dungeon |   3454 |   3336 |    118 |      0 |   2637 |   5 |  690.8 |
               +--------+--------+--------+--------+--------+-----+--------+

Top non-repeatable levels by time:
     D:4: 942 daAuts
     D:3: 866 daAuts
     D:2: 776 daAuts
     D:1: 435 daAuts
     D:5: 432 daAuts
